AoeStats
← garryvideo

Arena

510506721Analyzed
1v1 RM · 10h ago on Oct 1, 2026· 26m 13s· 2 players
Game mode
Random Map
Map size
Tiny (2 player)
Population
200
Speed
Normal
Resources
Standard
Victory
Conquest
Starting age
Dark Age
Ending age
Imperial Age
RankedLock teamsTeams togetherTeam positionsShared explorationLock speedFull tech treeHidden civsTurbo modeCheats
Victory
Defeat
🇹🇼 Turks · Taiwan
1386
+19
🇩🇪 Teutons · Germany
1453
-19
garryvideo
11:05 Feudal Age
9:22 Loom
11:48 Feudal Age
19:34 Castle Age
17:52 Double-Bit Axe
22:19 Padded Archer Armor
OIDA | Atom
5:09 Loom
8:30 Feudal Age
13:44 Double-Bit Axe
17:37 Wheelbarrow
21:41 Castle Age
19:34 Horse Collar
Connection lost

Rejoining the realm…

Still unreachable

The connection could not be restored.

Session expired

The server has moved on; the page needs a fresh start.